 Dungeon Crawl Stone Soup version 0.17.1-2-g5865329 (webtiles) character file.

170 Flanowski the Ducker (level 5, -2/40 HPs)
             Began as a Merfolk Gladiator on Jan 11, 2016.
             Killed from afar by Natasha (3 damage)
             ... with a magic dart
             ... on level 3 of the Dungeon.
             The game lasted 00:05:22 (2697 turns).

Flanowski the Ducker (Merfolk Gladiator)            Turns: 2697, Time: 00:05:22

Health: -2/40      AC:  4    Str: 22    XL:     5   Next: 51%
Magic:  5/5        EV: 15    Int:  7    God:
Gold:   165        SH:  0    Dex: 14    Spells: 0 memorised, 4 levels left

rFire  . . .     SeeInvis .     a - +1 trident
rCold  . . .     Clarity  .     b - +0 leather armour
rNeg   . . .     SustAt   .     (no shield)
rPois  .         Gourm    .     c - +0 helmet
rElec  .         Spirit   .     (no cloak)
rCorr  .         Warding  .     (no gloves)
rMut   .         Stasis   .     (no boots)
MR     .....                    (no amulet)
Stlth  ++........               (no ring)
                                (no ring)

@: mighty, not resistant to hostile enchantments, unstealthy
A: change form in water, swift swim, sense surroundings 1, spit poison 1, wild
magic 1
a: Spit Poison


You were on level 3 of the Dungeon.
You were not hungry.

You visited 1 branch of the dungeon, and saw 3 of its levels.

You collected 165 gold pieces.

Inventory:

Hand Weapons
 a - a +1 trident (weapon)
Missiles
 d - 3 throwing nets (quivered)
Armour
 b - a +0 leather armour (worn)
 c - a +0 helmet (worn)
Jewellery
 g - an uncursed amulet of resist corrosion {unknown}
Wands
 p - a wand of magic darts (20)
Scrolls
 h - a scroll of remove curse
 j - 2 scrolls of enchant weapon
 n - a scroll of recharging {unknown}
 o - a scroll of teleportation {unknown}
Comestibles
 e - 2 bread rations
 k - a meat ration


   Skills:
 + Level 2.9 Fighting
 + Level 5.7 Polearms
 - Level 2.0 Throwing
 + Level 1.0 Armour
 + Level 5.8 Dodging
 + Level 1.7 Stealth


You had 4 spell levels left.
You didn't know any spells.

Dungeon Overview and Level Annotations

Branches:
Dungeon (3/15)

Altars:
Ru

Annotations:
D:3 Natasha; srt19170's ghost, amateur MiGl


Innate Abilities, Weirdness & Mutations

You revert to your normal form in water.
You are very nimble and swift while swimming.
You passively map a small area around you.
You can spit weak poison.
Your spells are a little harder to cast, but a little more powerful.


Message History

The puff of flame misses you.
Read which item? (? for menu, Esc to quit)
As you read the scroll labeled BILLEQUA MOEMI, it crumbles to dust.
The creatures around you are filled with an inner flame!
It was a scroll of immolation.
You hear some strange, mumbled words.
Something tries to affect you, but you resist.
Read which item? (? for menu, Esc to quit)
As you read the scroll labeled PUOTAD PORUMES, it crumbles to dust.
You assume a fearsome visage.
The orc looks frightened!
The crimson imp is unaffected.
It was a scroll of fear.
You aren't carrying any potions.
* * * LOW HITPOINT WARNING * * *
You feel sick.
* * * LOW HITPOINT WARNING * * *
You feel sick.
You are no longer poisoned.
Natasha stares at you and mumbles some strange words.
The magic dart hits you!
You die...

#)#.*#$.$.##.#.#.#
*
#(#.##............
#.#h..............
*
#.#..#.....#.###.#
#5#............<..
*,
#.##.####†##.#####
#............#
####.####.####
#@####.# *
#....#.# ,
####.#.# #.#.##
#..#.### #.###..#
* ##.#.#.# #.##.#
* #.##.#


You could see Natasha.

Vanquished Creatures
  Ijyb (D:2)
  Natasha (D:3)
  An orc wizard (D:3)
  4 adders
  2 worms
  5 orcs
  A ball python (D:2)
  5 bats
  4 giant cockroaches
  5 hobgoblins
  5 kobolds
  2 quokkas (D:2)
  A giant gecko (D:1)
  2 giant newts
  9 goblins
  A jackal skeleton (D:3)
  7 rats
56 creatures vanquished.

Notes
Turn   | Place    | Note
--------------------------------------------------------------
     0 | D:1      | Flanowski the Merfolk Gladiator began the quest for the Orb.
     0 | D:1      | Reached XP level 1. HP: 16/16 MP: 1/1
   232 | D:1      | Reached XP level 2. HP: 13/23 MP: 2/2
   758 | D:2      | Reached skill level 5 in Polearms
   866 | D:2      | Reached XP level 3. HP: 28/28 MP: 3/3
   925 | D:2      | Found a sacrificial altar of Ru.
  1022 | D:2      | Noticed Ijyb
  1040 | D:2      | Reached skill level 1 in Stealth
  1046 | D:2      | Killed Ijyb
  1046 | D:2      | Reached skill level 5 in Dodging
  1046 | D:2      | Reached XP level 4. HP: 26/34 MP: 4/4
  1762 | D:3      | Noticed srt19170's ghost (amateur MiGl)
  1859 | D:2      | Gained mutation: You passively map a small area around you. [potion of mutation]
  1859 | D:2      | Gained mutation: You can spit weak poison. [potion of mutation]
  1859 | D:2      | Gained mutation: Your spells are a little harder to cast, but a little more powerful. [potion of mutation]
  2591 | D:3      | Noticed Natasha
  2609 | D:3      | Killed Natasha
  2609 | D:3      | Reached XP level 5. HP: 26/39 MP: 5/5
  2667 | D:3      | Noticed Natasha
  2681 | D:3      | Reached skill level 1 in Armour
  2687 | D:3      | HP: 2/40 [poisoned by an adder]
  2695 | D:3      | HP: 1/40 [poisoned by an adder]
  2697 | D:3      | Killed from afar by Natasha

Action                   |  1- 3 |  4- 6 || total
-------------------------+-------+-------++-------
Melee: Trident           |    95 |   126 ||   221
  Use: Potion            |     1 |     4 ||     5
       Scroll            |       |     4 ||     4
 Stab: Sleeping          |     3 |     2 ||     5
  Eat: Chunk             |       |     6 ||     6
